 Dungeon Crawl Stone Soup version 0.26.0-45-g9c1d065592 (webtiles) character file.

Game seed: 5514783550181218457

279 kaeus the Sneak (level 6, -7/42 HPs)
             Began as an Octopode Enchanter on Jan 29, 2021.
             Killed by divine providence
             ... invoked by an orc priest
              (14 damage)
             ... on level 3 of the Dungeon.
             The game lasted 00:03:31 (2926 turns).

kaeus the Sneak (Octopode Enchanter)                Turns: 2926, Time: 00:03:32

Health: -7/42      AC:  2    Str:  7    XL:     6   Next: 26%
Magic:  5/10       EV: 14    Int: 18    God:
Gold:   131        SH:  0    Dex: 12    Spells: 4/10 levels left

rFire    . . .     SeeInvis .   a - +1 dagger
rCold    . . .     Faith    .   (no shield)
rNeg     . . .     Spirit   .   (helmet restricted)
rPois    .         Reflect  .   (no amulet)
rElec    .         Harm     .   (no ring)
rCorr    .         Rampage  .   (no ring)
Will     .....                  (no ring)
Stlth    ++++......             (no ring)
HPRegen  0.14/turn              (no ring)
MPRegen  0.12/turn              (no ring)
                                (no ring)
                                (no ring)

@: flying, slowed, very slow
A: almost no armour, stealthy swim, amphibious, 8 rings, constrict 8, camouflage
1, clumsy 1, shaggy fur 1, gelatinous body 1
a: no special abilities


You were on level 3 of the Dungeon.
You visited 1 branch of the dungeon, and saw 3 of its levels.

You collected 131 gold pieces.

Inventory:

Hand Weapons
 a - a +1 dagger (weapon)
Jewellery
 h - an uncursed amulet of guardian spirit {unknown}
Wands
 k - a wand of polymorph (10)
Scrolls
 b - 5 scrolls of magic mapping
 d - a scroll of enchant weapon {unknown}
 e - 2 scrolls of identify
 i - a scroll of remove curse {unknown}
 j - a scroll of immolation {unknown}
 l - a scroll of random uselessness {unknown}
 m - a scroll of teleportation {unknown}
 n - a scroll of noise {unknown}
Potions
 g - a potion of mutation


   Skills:
 * Level 3.0 Fighting
 + Level 2.2 Short Blades
 + Level 2.9 Dodging
 + Level 5.2 Stealth
 + Level 2.8 Spellcasting
 + Level 3.7 Hexes


You had 4 spell levels left.
You knew the following spells:

 Your Spells              Type           Power        Failure   Level
a - Corona                Hex            17%          3%          1
b - Ensorcelled Hibernat  Hex/Ice        18%          12%         2
c - Dazzling Flash        Conj/Hex       18%          22%         3

Your spell library contained the following spells:

 Spells                   Type           Power        Failure   Level
 Confusing Touch          Hex            16%          11%         3
 Tukima's Dance           Hex            16%          11%         3
 Animate Skeleton         Necr           4%           17%         1
 Apportation              Tloc           4%           17%         1
 Summon Small Mammal      Summ           8%           17%         1
 Gell's Gravitas          Tloc           1%           45%         3
 Petrify                  Tmut/Erth      2%           86%         4
 Metabolic Englaciation   Hex/Ice        4%           91%         5
 Yara's Violent Unravell  Hex/Tmut       4%           91%         5


Dungeon Overview and Level Annotations

Branches:
Dungeon (3/15)

Altars:
Hepliaklqana
Xom


Innate Abilities, Weirdness & Mutations

You cannot wear most types of armour.
You are very stealthy in the water. (Stealth+)
You are amphibious.
You can wear up to eight rings at the same time.
You can use your tentacles to constrict eight enemies at once.
Your skin changes colour to match your surroundings (Stealth+).
Your rubbery body absorbs attacks. (AC +1, EV +1)
You are clumsy. (Dex -2)
You are covered in fur. (AC +1)


Message History

The orc priest hits you with a +0 flail.
The orc completely misses you.
Your Fighting skill increases to level 3!
You take 2 damage, and have 16/42 hp.
You hit the orc priest. You grab the orc priest. You squeeze the orc priest.
The orc priest is moderately wounded.
You constrict the orc priest.
The orc priest hits you with a +0 flail!
* * * LOW HITPOINT WARNING * * *
The orc hits you.
* * * LOW HITPOINT WARNING * * *
You take 10 damage, and have 6/42 hp.
MASSIVE DAMAGE!!
You hit the orc priest but do no damage.
The orc priest is moderately wounded.
You constrict the orc priest.
The orc priest hits you but does no damage.
The orc misses you.
The orc priest invokes the aid of Beogh against you.
Beogh smites you!
You die...

#. #.##
#......## #.
#..#
##.###.#
#..# #.# #
#..# #.#
#..# #..
#..# ...
#..# ....
#).# o#.#
#@)# .o .#
#...oo......
#####.##...#
## ###


You could see an orc priest and an orc.

Vanquished Creatures
  2 orc wizards (D:3)
  Natasha (thrice) (D:2)
  A worker ant (D:3)
  Terence (D:2)
  7 adders
  A worm (D:2)
  A dart slug (D:1)
  2 orcs (D:3)
  A ball python (D:2)
  6 bats
  2 goblins
  2 hobgoblins (D:2)
  7 jackals
  A kobold (D:1)
  2 quokkas (D:3)
  A frilled lizard (D:2)
  3 rats
43 creatures vanquished.

Notes
Turn   | Place    | Note
-------+----------+-------------------------------------------
     0 | D:1      | kaeus the Octopode Enchanter began the quest for the Orb.
     0 | D:1      | Reached XP level 1. HP: 11/11 MP: 3/3
   206 | D:1      | Reached XP level 2. HP: 11/18 MP: 5/5
   716 | D:1      | Reached skill level 1 in Fighting
   760 | D:2      | Noticed Natasha
   764 | D:2      | Killed Natasha
   765 | D:2      | Reached XP level 3. HP: 23/23 MP: 6/6
   777 | D:2      | Noticed Terence
  1196 | D:2      | Reached XP level 4. HP: 4/29 MP: 7/7
  1197 | D:2      | HP: 1/29 [jackal (3)]
  1510 | D:2      | Learned a level 2 spell: Ensorcelled Hibernation
  1514 | D:2      | Learned a level 3 spell: Dazzling Flash
  1888 | D:2      | Noticed Natasha
  1894 | D:2      | Killed Natasha
  2147 | D:2      | Killed Terence
  2148 | D:2      | Reached XP level 5. HP: 34/34 MP: 5/8
  2244 | D:2      | Noticed Natasha
  2251 | D:2      | Killed Natasha
  2252 | D:2      | Reached skill level 5 in Stealth
  2440 | D:2      | Found a hazy altar of Hepliaklqana.
  2441 | D:2      | Found a shimmering altar of Xom.
  2442 | D:2      | Noticed a spectral ugly thing
  2807 | D:3      | Found a faded altar of an unknown god.
  2916 | D:3      | Reached XP level 6. HP: 39/41 MP: 4/10
  2920 | D:3      | Gained mutation: You are clumsy. (Dex -2) [potion of
                  | mutation]
  2920 | D:3      | Gained mutation: You are covered in fur. (AC +1) [potion of
                  | mutation]
  2926 | D:3      | Killed from afar by an orc priest

Illustrated notes

Levels and vault maps discovered:
D:1:      tarquinn_simple_flora_water_d, layout_loops_ring, minmay_pentomino_p2
D:2:      layout_basic, regret_index_temple_of_mockery, uniq_terence,
          uniq_natasha
D:3:      layout_loops_ring, grunt_temple_overflow_open,
          chequers_ecumenical_altar_simple

Skill      XL: |  1  2  3  4  5  6 |
---------------+-------------------+-----
Fighting       | 1 2 3 |  3.0
Short Blades   | 2 |  2.2
Stealth        | 5 |  5.2
Dodging        | |  2.9
Spellcasting   | |  2.8
Hexes          | |  3.7

Action                   |  1- 3 |  4- 6 || total
-------------------------+-------+-------++-------
Melee: Dagger            |    35 |    62 ||    97
       Tentacles         |     7 |    12 ||    19
       Constrict         |     4 |    18 ||    22
       Unarmed           |     2 |     2 ||     4
 Cast: Ensorcelled Hiber |       |    12 ||    12
  Use: Potion            |       |     3 ||     3
       Scroll            |       |     1 ||     1
 Stab: Sleeping          |     9 |     8 ||    17
Armor: Skin              |     2 |     6 ||     8
Dodge: Dodged            |    20 |    52 ||    72
